 Dungeon Crawl Stone Soup version 0.21.1-1-g345015f (webtiles) character file.

5964 spiderpigspy the Cleaver (level 10, 0/94 HPs)
             Began as a Hill Orc Fighter on July 1, 2018.
             Was a Believer of Wu Jian.
             Slain by a two-headed ogre
             ... wielding a +0 dire flail
              (19 damage)
             ... on level 8 of the Dungeon on July 8, 2018.
             The game lasted 00:51:10 (9672 turns).

spiderpigspy the Cleaver (Hill Orc Fighter)         Turns: 9672, Time: 00:51:11

Health: 0/94       AC: 13    Str: 23    XL:     10   Next: 84%
Magic:  13/13      EV: 10    Int:  8    God:    Wu Jian [**....]
Gold:   25         SH:  6    Dex: 13    Spells: 9/9 levels left

rFire    . . .     SeeInvis .   O - +1 war axe (elec)
rCold    . . .     Gourm    .   K - +1 buckler "Tauwiran" {Dex+3}
rNeg     + . .     Faith    .   b - +0 scale mail
rPois    .         Spirit   .   C - +0 helmet
rElec    .         Reflect  .   D - +2 cloak
rCorr    .         Harm     .   (no gloves)
MR       .....                  (no boots)
Stlth    ..........             x - amulet of rage
HPRegen  0.25/turn              h - ring of positive energy
MPRegen  0.13/turn              (no ring)

@: no status effects
A: no striking features
a: Wall Jump, Renounce Religion, Evoke Berserk Rage


You were on level 8 of the Dungeon.
You worshipped Wu Jian.
Wu Jian was pleased with you.
You were not hungry.

You visited 2 branches of the dungeon, and saw 9 of its levels.

You collected 460 gold pieces.
You spent 435 gold pieces at shops.

Inventory:

Hand Weapons
 a - a +0 war axe
 G - a +0 shortbow
 O - a +1 war axe of electrocution (weapon)
Missiles
 i - 127 arrows
 y - 3 javelins (quivered)
 J - 3 tomahawks of returning
 Q - 2 tomahawks
Armour
 b - a +0 scale mail (worn)
 c - a +0 shield
 C - a +0 helmet (worn)
 D - a +2 cloak (worn)
 K - the +1 buckler "Tauwiran" (worn) {Dex+3}
   (You bought it in a shop on level 6 of the Dungeon)

   It affects your dexterity (+3).
Jewellery
 h - a ring of positive energy (left hand)
 l - an uncursed ring of flight
 x - an amulet of rage (around neck)
 H - an uncursed ring of wizardry
Wands
 q - a wand of digging (10)
 F - a wand of flame (20)
 I - a wand of scattershot (6)
Scrolls
 g - 2 scrolls of noise {unknown}
 k - a scroll of immolation {unknown}
 n - 7 scrolls of remove curse
 o - 5 scrolls of identify
 p - 7 scrolls of teleportation
 r - 2 scrolls of enchant armour {unknown}
 v - a scroll of fear {unknown}
 w - 2 scrolls of blinking {unknown}
 A - 3 scrolls of vulnerability {unknown}
 B - a scroll of fog {unknown}
 L - a scroll of enchant weapon {unknown}
 P - a scroll of amnesia
Potions
 d - 5 potions of curing {unknown}
 e - 2 potions of heal wounds
 j - 2 potions of haste {unknown}
 m - 2 potions of lignification {unknown}
 s - 3 potions of mutation {unknown}
 u - 2 potions of degeneration {unknown}
 z - a potion of agility {unknown}
 E - a potion of ambrosia {unknown}
 M - 2 potions of cancellation {unknown}
Comestibles
 f - 9 rations
 N - 5 chunks of flesh


   Skills:
 + Level 10.6 Fighting
 + Level 11.1 Axes
 + Level 9.7 Armour
 - Level 6.6 Shields
 - Level 4.0 Evocations


You had 9 spell levels left.
You didn't know any spells.

Dungeon Overview and Level Annotations

Branches:
Dungeon (8/15)             Temple (1/1) D:5
   Lair: D:8-11

Altars:
Ashenzari
Cheibriados
Dithmenos
Elyvilon
Fedhas
Gozag
Hepliaklqana
Kikubaaqudgha
Makhleb
Okawaru
Qazlal
Ru
Sif Muna
Trog
Uskayaw
Vehumet
Wu Jian
Xom
Yredelemnul
Zin
The Shining One

Shops:
D:6 **}[[   D:8 ?

Annotations:
D:4 emiel's ghost, novice TeWz


Message History

You are too injured to fight recklessly!
You are too injured to fight recklessly!
You are too injured to fight recklessly!
You are too injured to fight recklessly!
You barely miss the two-headed ogre.
The two-headed ogre is severely wounded.
You block the two-headed ogre's attack. The two-headed ogre barely misses you.
You completely miss the two-headed ogre.
The two-headed ogre is severely wounded.
The two-headed ogre barely misses you.
The two-headed ogre hits you with a giant spiked club!
* * * LOW HITPOINT WARNING * * *
You slash the two-headed ogre!
The two-headed ogre is almost dead.
You barely miss the two-headed ogre.
The two-headed ogre is almost dead.
The two-headed ogre hits you with a dire flail.
* * * LOW HITPOINT WARNING * * *
The two-headed ogre hits you with a giant spiked club!!
You die...

####.#####
..##.#.....
#.##.#.###.#.#
.#....<)......
.......###.#.#.
####..........#######
......#.........#...
........####..#.#O#
######### #....@.####
#.........#
#.....###...# ####
#....## #.# ...#
#.#..# . ##.# #....#
#.#### ##.#.##
##....# #....####
....#.### #..#.....


You could see a two-headed ogre.

Vanquished Creatures
  A two-headed ogre (D:8)
  Pikel (D:7)
  Joseph (D:7)
  Grinder (D:4)
  2 hippogriffs
  3 hungry ghosts
  Menkaure (D:4)
  Edmund (D:5)
  3 orc warriors
  3 sky beasts
  2 slaves (D:7)
  A hornet zombie (D:8)
  An ice beast (D:6)
  An eye of draining (D:8)
  A phantom (D:4)
  4 ogres
  2 centaurs
  6 bullfrogs
  A big kobold (D:7)
  2 scorpions
  4 killer bees (D:7)
  A howler monkey (D:6)
  A jelly (D:5)
  A centaur zombie (D:8)
  2 crimson imps (D:7)
  3 orc priests
  5 hounds
  2 bullfrog skeletons
  6 orc wizards
  3 iguanas
  5 worker ants
  A hound zombie (D:6)
  A worker ant zombie (D:5)
  4 gnolls
  A howler monkey skeleton (D:4)
  19 adders
  4 shadow imps
  3 oozes
  3 worms
  3 dart slugs
  6 leopard geckos
  23 orcs
  6 ball pythons (D:3)
  6 bats
  7 giant cockroaches
  5 goblins
  11 hobgoblins
  8 jackals
  12 kobolds
  A quokka (D:3)
  6 frilled lizards
  A jackal skeleton (D:6)
  A jackal zombie (D:6)
  2 quokka skeletons
  9 rats
214 creatures vanquished.

Vanquished Creatures (others)
  3 kobolds (D:7)
3 creatures vanquished.

Grand Total: 217 creatures vanquished

Notes
Turn   | Place    | Note
-------+----------+-------------------------------------------
     0 | D:1      | spiderpigspy the Hill Orc Fighter began the quest for the Orb.
     0 | D:1      | Reached XP level 1. HP: 19/19 MP: 1/1
    45 | D:1      | Reached XP level 2. HP: 25/27 MP: 2/2
    98 | D:1      | Reached skill level 3 in Axes
   564 | D:1      | Reached XP level 3. HP: 33/33 MP: 3/3
   837 | D:2      | Reached XP level 4. HP: 21/40 MP: 4/4
  1202 | D:2      | Reached skill level 4 in Axes
  1220 | D:2      | Reached XP level 5. HP: 45/47 MP: 5/5
  1306 | D:2      | Found an iron altar of Okawaru.
  2105 | D:3      | Reached skill level 5 in Fighting
  2810 | D:3      | Reached XP level 6. HP: 56/56 MP: 6/6
  3085 | D:4      | Noticed emiel's ghost (novice TeWz)
  3207 | D:4      | Noticed Grinder
  3211 | D:4      | Paralysed by Grinder for 3 turns
  3227 | D:4      | Paralysed by Grinder for 5 turns
  3234 | D:4      | Killed Grinder
  3234 | D:4      | Reached skill level 5 in Axes
  3234 | D:4      | Reached skill level 5 in Armour
  3234 | D:4      | Reached skill level 5 in Shields
  3234 | D:4      | Reached XP level 7. HP: 31/61 MP: 7/7
  3462 | D:4      | Found a white marble altar of Elyvilon.
  3481 | D:4      | Reached skill level 1 in Evocations
  4737 | D:4      | Reached XP level 8. HP: 65/70 MP: 11/11
  4857 | D:4      | Noticed Menkaure
  4871 | D:4      | Killed Menkaure
  5142 | D:4      | Found an ancient bone altar of Kikubaaqudgha.
  5298 | D:5      | Entered Level 5 of the Dungeon
  5398 | D:5      | Reached skill level 6 in Axes
  5724 | D:5      | Found a staircase to the Ecumenical Temple.
  5739 | Temple   | Entered the Ecumenical Temple
  5754 | Temple   | Became a worshipper of the Wu Jian Council
  5818 | D:5      | Found a white marble altar of Elyvilon.
  6229 | D:5      | Noticed Edmund
  6264 | D:5      | Killed Edmund
  6820 | D:6      | Reached skill level 7 in Axes
  6842 | D:6      | Reached XP level 9. HP: 56/79 MP: 12/12
  6937 | D:6      | Reached * piety under Wu Jian
  7036 | D:6      | Found Doivigil's Gadget Shoppe.
  7231 | D:6      | Found Apuc's Antique Armour Shop.
  7236 | D:6      | Found Hysihel's Armour Shoppe.
  7278 | D:6      | Bought the +1 buckler "Tauwiran" {Dex+3} for 296 gold pieces
  7325 | D:6      | Found Masul's General Store.
  7370 | D:6      | Found Durgh's Assorted Antiques.
  7404 | D:6      | Bought a potion of heal wounds for 55 gold pieces
  7601 | D:7      | Reached skill level 8 in Axes
  8034 | D:7      | Noticed Joseph
  8075 | D:7      | Killed Joseph
  8296 | D:7      | Reached skill level 9 in Axes
  8321 | D:7      | Noticed Pikel
  8537 | D:7      | Reached ** piety under Wu Jian
  8603 | D:7      | Found an ancient bone altar of Kikubaaqudgha.
  8657 | D:7      | Killed Pikel
  8657 | D:7      | Reached XP level 10. HP: 88/91 MP: 13/13
  8868 | D:7      | Found a glowing golden altar of the Shining One.
  8872 | D:7      | Found a basalt altar of Yredelemnul.
  8875 | D:7      | Found a radiant altar of Vehumet.
  8950 | D:7      | Reached skill level 10 in Axes
  9313 | D:8      | Noticed a two-headed ogre
  9328 | D:8      | Killed a two-headed ogre
  9328 | D:8      | Reached skill level 10 in Fighting
  9342 | D:8      | Found Oqepory's Magic Scroll Boutique.
  9386 | D:8      | Reached skill level 11 in Axes
  9499 | D:8      | Bought a scroll of random uselessness for 12 gold pieces
  9499 | D:8      | Bought a scroll of remove curse for 36 gold pieces
  9499 | D:8      | Bought a scroll of teleportation for 36 gold pieces
  9662 | D:8      | Noticed a two-headed ogre
  9672 | D:8      | Slain by a two-headed ogre

Skill      XL: |  1  2  3  4  5  6  7  8  9 10 |
---------------+-------------------------------+-----
Axes           | 3 4 5 7 9 11 | 11.1
Fighting       | 4 5 7 9 10 | 10.6
Armour         | 4 5 6 8 9 |  9.7
Shields        | 4 5 6 |  6.6
Evocations     | 4 |  4.0

Action                   |  1- 3 |  4- 6 |  7- 9 | 10-12 || total
-------------------------+-------+-------+-------+-------++-------
Melee: War axe           |   118 |   172 |   481 |   141 ||   912
       Unarmed           |       |       |     1 |       ||     1
Throw: Javelin           |       |    19 |    25 |     3 ||    47
       Tomahawk          |       |       |       |     6 ||     6
Invok: Lunge             |       |       |    18 |     9 ||    27
       Whirlwind         |       |       |    19 |     6 ||    25
 Abil: Evoke Berserk Rag |       |       |     3 |     1 ||     4
Evoke: Wand              |       |       |     1 |       ||     1
  Use: Scroll            |     2 |     1 |     2 |       ||     5
       Potion            |       |     1 |     2 |     1 ||     4
  Eat: Chunk             |       |     8 |    13 |     9 ||    30
       Ration            |       |       |     3 |       ||     3
Armor: Scale mail        |    55 |    77 |   185 |    39 ||   356
Dodge: Dodged            |    31 |    34 |   135 |    41 ||   241
Block: Shield            |    62 |    73 |   172 |       ||   307
       Buckler           |       |       |    45 |    30 ||    75
